jt, neutral female human Valkyrie ----- ---- ...| a.a a a ---------..-- ----- ------- -.a--------- |.......|...-- --..... .......-- --.@.|.....Da|q |.......|....---...... .........---@Aaa|...A...| |..._........[-....... ..........&%%..a..A..@@..| |.......|...[---....... -....%....---.%Aa|..@...a| |.......|...-- --.%.... --....?..-- --@..|A..D.a.| ---------..-- ----%-- ----%--- --a.--------- ....| |...------- -------...| aaa a a ------ |.........| |.........| --- -------!..-- --...------- |....-- --....| ---...----+----...--- |.!.............| ----------------- jt the Warrior Experience level: 16 Strength: 25 Dexterity: 19 Constitution: 17 Intelligence: 23 Wisdom: 21 Charisma: 16 Health: 152(152) Energy: 17(17) Def: 49 Gold: 0 Moves: 39267 Dungeon seed: PARdYjsnJDQo7c2J Game ID: jt_1529243583 Your Inventory: Amulets d - an uncursed amulet of life saving (being worn) Weapons b - a blessed +9 silver saber named Orphan Maker (wielded in other hand) h - the blessed rustproof +7 Vorpal Blade (weapon in hand) Armor e - a blessed +4 Hawaiian shirt (being worn) n - a blessed +4 silver dragon scale mail (being worn) H - an uncursed fireproof +5 pair of speed boots (being worn) J - a blessed rustproof +4 pair of gauntlets of power (being worn) S - a blessed fireproof +4 cloak of displacement (being worn) V - a blessed greased rustproof +5 helm of brilliance (being worn) Comestibles Z - a cursed lizard corpse Potions a - a blessed potion of full healing Rings i - a blessed +4 ring of increase damage (on left hand) p - a blessed ring of conflict E - a blessed ring of free action (on right hand) Wands c - a blessed durable wand of teleportation (0:5) t - an uncursed wand of digging (0:5) z - an uncursed wand of cancellation (0:4) A - an uncursed wand of cancellation (0:5) D - an uncursed wand of fire (0:5) F - an uncursed wand of cold (0:2) G - a cursed wand of fire (0:5) K - an uncursed wand of death (0:0) L - an uncursed wand of teleportation (0:8) R - an uncursed wand of death (1:2) Tools j - a blessed greased fireproof bag of holding l - an uncursed magic whistle q - a blessed skeleton key u - an uncursed +0 unicorn horn v - an uncursed magic lamp (lit) w - an uncursed stethoscope I - the blessed Platinum Yendorian Express Card M - the blessed Orb of Fate (0:5) P - a cursed greased sack Q - a blessed tooled horn U - a blessed towel Gems f - an uncursed emerald g - an uncursed fluorite k - an uncursed garnet m - an uncursed jade o - an uncursed obsidian r - an uncursed agate x - an uncursed opal y - an uncursed amethyst B - an uncursed topaz C - an uncursed turquoise T - an uncursed ruby W - an uncursed chrysoberyl X - an uncursed diamond Y - an uncursed jasper Contents of the bag of holding: an uncursed amulet of life saving an uncursed amulet of life saving an uncursed amulet of life saving an uncursed amulet of reflection the blessed rustproof +7 Mjollnir a blessed fireproof +4 cloak of protection an uncursed +0 helm of opposite alignment a blessed fireproof +4 oilskin cloak a blessed +5 robe a blessed [durable] +8 shield of reflection an uncursed carrot an uncursed lizard corpse 5 uncursed lumps of royal jelly an uncursed sprig of wolfsbane an uncursed tin of Lord Surtur meat 4 blessed scrolls of blank paper a cursed scroll of blank paper 5 blessed scrolls of charging 2 uncursed scrolls of earth 5 blessed scrolls of enchant armor 16 blessed scrolls of enchant weapon a blessed scroll of fire an uncursed scroll of fire 2 uncursed scrolls of genocide a blessed scroll of gold detection 4 uncursed scrolls of gold detection 4 blessed scrolls of identify 6 uncursed scrolls of magic mapping 5 blessed scrolls of remove curse a [uncursed] scroll of remove curse 5 blessed scrolls of scare monster a blessed scroll of scare monster an uncursed scroll of scare monster 2 blessed scrolls of stinking cloud a cursed scroll of stinking cloud 3 blessed scrolls of taming 3 blessed scrolls of wishing 4 blessed potions of full healing an uncursed potion of full healing 2 cursed potions of gain level 5 potions of holy water 2 uncursed potions of paralysis 3 potions of unholy water an uncursed ring of conflict an uncursed ring of free action an uncursed ring of polymorph an uncursed ring of polymorph control named sokoban 3 a blessed +1 ring of protection an uncursed ring of slow digestion an uncursed ring of teleport control named sokoban 2 an uncursed ring of teleportation named sokoban 1 an uncursed wand of cold (0:8) an uncursed wand of cold (0:7) an uncursed wand of cold (0:5) an uncursed wand of cold (0:4) an uncursed wand of digging (0:7) an uncursed wand of digging (0:7) an uncursed wand of digging (0:7) an uncursed wand of digging (1:3) an uncursed wand of enlightenment (0:14) an uncursed wand of enlightenment (0:3) an uncursed wand of fire [0:3] an uncursed wand of light (0:14) an uncursed wand of light (0:6) an uncursed wand of lightning (0:5) an uncursed wand of lightning [0:4] an uncursed wand of opening (0:2) an uncursed wand of polymorph (0:1) an uncursed wand of probing (0:1) an uncursed wand of secret door detection (0:15) an uncursed wand of secret door detection (0:2) an uncursed wand of secret door detection [0:15] an uncursed wand of sleep (0:6) an uncursed wand of speed monster (0:6) an uncursed wand of striking (0:4) an uncursed wand of striking (0:4) an uncursed wand of teleportation (0:6) an uncursed wand of teleportation (0:5) an uncursed wand of teleportation [0:8] an uncursed wand of teleportation [0:6] an uncursed wand of wishing (1:1) an uncursed can of grease (0:3) an uncursed horn of plenty (0:5) a blessed magic lamp an uncursed fireproof magic marker (0:64) an uncursed magic marker (1:42) an uncursed tin opener a blessed +0 unicorn horn a cursed aquamarine 3 uncursed dilithium crystals an uncursed luckstone a cursed ruby Contents of the sack: 2 blessed scrolls of remove curse a potion of holy water Spells and supernatural/magical abilities: Name Level Category Fail Memory a - force bolt 1 attack 84% 63% d - dig 2 matter 84% 22% e - charm monster 5 enchantment 100% 35% f - fireball 4 attack 100% 35% h - healing 1 healing 66% 63% j - jumping 1 escape 84% 28% k - knock 1* matter 84% 0% l - light 1* divination 84% 0% m - magic missile 2 attack 84% 35% n - detect monsters 1 divination 84% 63% p - protection 1 clerical 84% 63% r - remove curse 3 clerical 88% 87% s - slow monster 1 enchantment 84% 63% v - clairvoyance 3 divination 99% 63% w - wizard lock 2* matter 84% 0% x - extra healing 3 healing 88% 42% z - sleep 2 enchantment 84% 42% B - cure blindness 2 healing 66% 42% D - drain life 3 attack 99% 42% E - detect food 2 divination 84% 86% H - haste self 3 escape 99% 86% I - identify 3 divination 99% 42% K - cure sickness 3 healing 88% 86% O - create monster 2 clerical 84% 86% P - polymorph 6 matter 100% 39% S - stone to flesh 3 healing 99% 42% U - detect unseen 3 divination 99% 86% W - pray for help -- divine ? -- Your skills at the end: Miscellaneous Skills two weapon combat [Skilled] shield [Basic] wands [Skilled] Weapon Skills dagger [Basic] long sword [Skilled] saber [Basic] hammer [Skilled] spear [Basic] Spellcasting Skills Final Attributes: You were the Envoy of Balance. You were piously aligned. You were fire resistant. You were cold resistant. You were sleep resistant. You were disintegration-resistant. You were shock resistant. You were poison resistant. You were magic-protected. You saw invisible. You were telepathic. You were warned. You were displaced. You were somewhat stealthy. You had teleport control. You could fly. You had a +4 damage bonus. You were protected. You were very fast. You had reflection. You had free action. Your life would have been saved. You were wielding two weapons at once. You were extremely lucky. You had extra luck. Good luck did not time out for you. You survived. Vanquished creatures: Asmodeus Orcus Yeenoghu Juiblex The Wizard of Yendor (5 times) Pestilence (twice Famine 3 arch-liches a blood pudding a high priest 4 mammoths Vlad the Impaler Medusa 43 krakens 6 iron golems 5 master liches a gray dragon 7 silver dragons 3 red dragons 5 white dragons an orange dragon 3 black dragons 6 blue dragons a green dragon 3 yellow dragons 5 storm giants 2 titans 2 deep ettins 2 glass golems 6 balrogs 57 purple worms 56 minotaurs 7 jabberwocks Lord Surtur 5 baluchitheria 4 Angels 2 young gray dragons 4 young red dragons 7 young white dragons a young orange dragon 7 young black dragons 5 young blue dragons 2 young green dragons 2 young yellow dragons 11 demiliches 4 stone golems 29 Olog-hai 4 Nazgul 16 pit fiends 16 sandestins 5 hell hounds 3 titanotheres 6 trappers a baby gray dragon a baby red dragon a baby white dragon a baby black dragon 2 gryphons a guardian naga 30 vampire lords 6 shades 5 skeletons 19 aligned priests 67 captains 7 liches 138 water trolls 2 clay golems 15 nurses 18 ice devils 7 nalfeshnees 8 lurkers above a frost giant 7 black puddings 23 vampires 37 ghosts 9 ettins 11 lieutenants a rogue 2 queen bees 4 winged gargoyles 4 mind flayers 16 giant mimics 43 fire giants 10 ogre kings 5 Elvenkings 14 ice trolls 31 rock trolls 10 umber hulks 6 flesh golems 10 doppelgangers 36 hezrous 22 bone devils 2 salamanders 18 large mimics 4 wumpuses 2 fire vortices 9 long worms 33 couatls 22 stalkers 9 air elementals 6 fire elementals an earth elemental 37 water elementals 13 hill giants 6 giant mummies 2 black nagas 22 elf-lords 12 xorns 19 giant zombies 18 sergeants 2 barbed devils 30 vrocks 14 wargs 3 winter wolves 7 hell hound pups 14 quantum mechanics 23 small mimics 49 island nymphs 6 glass piercers 9 warhorses 8 steam vortices 11 xans a baby gryphon 5 ettin mummies 5 ogre lords 77 trolls 2 sasquatches 4 wood golems an erinys 7 mariliths a djinni 2 sharks 39 electric eels 2 pyrolisks 3 freezing spheres 10 flaming spheres 9 shocking spheres a large cat 15 tigers 8 gargoyles a dwarf king 7 tengu 9 gelatinous cubes 15 ochre jellies 4 crocodiles 17 chameleons 9 leocrottas 8 energy vortices 6 mountain centaurs 16 giants 9 elf mummies 3 human mummies 4 red nagas 2 green slimes 31 Grey-elves 7 pit vipers 4 pythons 4 cobras 50 wraiths 14 ettin zombies 72 soldiers 2 horned devils 14 succubi 16 incubi 15 giant beetles 60 cockatrices 13 wolves 11 winter wolf cubs 46 black lights a lynx a panther 20 gremlins 6 leprechauns 5 quivering blobs 3 spotted jellies 13 lizards 9 mountain nymphs 6 orc-captains 8 mumakil 10 giant spiders 7 scorpions 5 iron piercers 2 horses an ice vortex 10 vampire bats 4 forest centaurs 3 gnome kings 4 orc mummies 4 dwarf mummies 6 ogres 9 brown puddings 19 Green-elves 17 rust monsters 15 owlbears 7 yetis 6 gold golems 9 werewolves 4 piranhas 5 giant eels 3 warriors 15 chickatrices 4 dogs 3 dingos 4 jaguars 5 dwarf lords 5 blue jellies 5 water nymphs 3 white unicorns 2 black unicorns 3 dust vortices 37 ravens 7 plains centaurs 5 gnome mummies 12 Woodland-elves 5 snakes 8 apes 15 human zombies 5 rope golems 24 soldier ants 116 fire ants 11 yellow lights 21 bugbears 3 imps 2 baby crocodiles 6 wood nymphs 33 Mordor orcs 44 Uruk-hai 17 orc shamans 3 rock moles 6 rock piercers 4 ponies 6 fog clouds 2 shriekers a violet fungus 17 gnome lords 10 gnomish wizards 6 kobold mummies 2 golden naga hatchlings 4 gray oozes 5 barrow wights 12 elf zombies 11 ghouls 4 straw golems 7 paper golems 5 jellyfish 27 giant ants a puppy 7 floating eyes a kitten 18 dwarves 4 homunculi 6 quasits 3 kobold lords 5 kobold shamans 6 iguanas 49 hill orcs 4 rothes a rabid rat a centipede 2 jitterbugs 3 giant bats 6 monkeys 21 orc zombies 18 dwarf zombies 2 wererats 6 werejackals 70 killer bees 8 coyotes a gas spore 6 hobbits 3 acid blobs 7 large kobolds 7 geckos 25 hobgoblins 10 giant rats 11 cave spiders 7 brown molds 5 yellow molds 2 red molds 70 gnomes 2 garter snakes 26 manes 20 gnome zombies 20 jackals 2 foxes 5 kobolds 14 newts 12 goblins 16 sewer rats 22 grid bugs 2 bats 15 lichens 16 kobold zombies 3423 creatures vanquished. Genocided or extinct species: fire ants (extinct) master mind flayers disenchanters electric eels 3 species genocided. 1 species extinct. Voluntary challenges: You were not invisible. You had been an atheist until turn 2077. You used a wielded weapon 4345 times, starting on turn 1707. You read items or engraved 264 times, starting on turn 7592. You genocided 3 types of monsters, starting on turn 24779. You polymorphed 73 items, starting on turn 36482. You changed form 2 times, starting on turn 14731. You cheated 1 time but completed Sokoban on turn 6578. You used 3 wishes, starting on turn 20881. You wished for your your first artifact on turn 20881. You split 8 puddings, starting on turn 13931. You wrote Elbereth's name 2 times, starting on turn 9432. You violated your moral code, losing 2 points of alignment, starting on turn 25864. Dungeon overview: The Dungeons of Doom: levels 1 to 29 Level 1 (vault) some fountains stairs to The Elemental Planes Level 2 a potion shop, a sink stairs to The Gnomish Mines Level 3 an altar to Odin, a fountain Level 4 a fountain Level 5 many fountains Level 6 a fountain stairs to Sokoban Level 7 Level 8 some fountains Level 9 ( ) an altar to Odin Level 10 an armor shop, some fountains Level 11 ( ) a fountain portal to The Quest Level 12 a temple to Tyr, a fountain Level 13 Level 14 ( ) Level 15 Level 16 a fountain Level 17 Level 18 a temple to Tyr Level 19 (barracks) a fountain Level 20 a general store, some fountains Level 21 Level 22 (stash) a fountain Level 23 an armor shop Level 24 a fountain, many trees Level 25 Level 26 Level 27 Level 28 Level 29 a magic chest, some fountains, some trees Gehennom: levels 30 to 56 Level 30 a temple to Moloch, a magic chest stairs to The Dungeons of Doom Level 31 Level 32 Level 33 a magic chest Level 34 Level 35 Level 36 a fountain Level 37 Level 38 Level 39 Level 40 Level 41 a magic chest stairs to Vlad's Tower Level 42 Level 43 some shops, an altar to Moloch, a magic chest, a fountain Level 44 Level 45 Level 46 a magic chest Level 47 Level 48 portal to Gehennom Level 49 Level 50 Level 51 Level 52 Level 53 (wizard portal) portal to Gehennom Level 54 Level 55 Level 56 The Gnomish Mines: levels 3 to 11 Level 3 stairs to The Dungeons of Doom Level 4 Level 5 Level 6 many shops, a temple to Loki, a magic chest, some fountains, a sink Level 7 Level 8 Level 9 Level 10 Level 11 many altars to Odin and Moloch, a magic chest, some fountains The Quest: levels 1 to 6 Level 1 a magic chest, a fountain portal to The Dungeons of Doom Level 2 Level 3 Level 4 Level 5 Level 6 Sokoban: levels 2 to 5 Level 2 a magic chest Level 3 Level 4 Level 5 a magic chest stairs to The Dungeons of Doom Vlad's Tower: levels 38 to 40 Level 38 Level 39 an altar to Moloch Level 40 stairs to Gehennom The Elemental Planes: Astral Plane <- You were here some high altars Plane 4 portal to The Elemental Planes Plane 3 portal to The Elemental Planes Plane 2 portal to The Elemental Planes Plane 1 portal to The Elemental Planes History has recorded: On T:1 you entered the Dungeons of Doom to retrieve the Amulet of Yendor! On T:251 you reached level 2 of The Dungeons of Doom. On T:311 you advanced to experience level 2. On T:630 you reached level 3 of The Dungeons of Doom. On T:631 you advanced to experience level 3. On T:850 you reached level 1 of The Gnomish Mines. On T:875 you advanced to experience level 4. On T:1210 you reached level 2 of The Gnomish Mines. On T:1214 you advanced to experience level 5. On T:1648 you reached level 3 of The Gnomish Mines. On T:1818 you advanced to experience level 6. On T:1986 you reached level 4 of The Gnomish Mines. On T:2061 you entered the Minetown temple On T:2395 you opened a magic chest. On T:2849 you reached level 5 of The Gnomish Mines. On T:3813 you reached level 4 of The Dungeons of Doom. On T:3936 you reached level 5 of The Dungeons of Doom. On T:3969 you advanced to experience level 7. On T:4283 you reached level 6 of The Dungeons of Doom. On T:4328 you reached level 4 of Sokoban. On T:4652 you reached level 3 of Sokoban. On T:5069 you reached level 2 of Sokoban. On T:5604 you reached level 1 of Sokoban. On T:5745 you advanced to experience level 8. On T:5912 you reached level 7 of The Dungeons of Doom. On T:6578 you entered the Sokoban zoo. On T:7861 you reached level 6 of The Gnomish Mines. On T:7991 you reached level 7 of The Gnomish Mines. On T:8077 you advanced to experience level 9. On T:8204 you reached level 8 of The Gnomish Mines. On T:8285 you reached level 9 of The Gnomish Mines. On T:8285 you reached the bottom of the Mines. On T:9581 you prayed to Odin. On T:9812 you advanced to experience level 10. On T:12055 you reached level 8 of The Dungeons of Doom. On T:12245 you reached level 9 of The Dungeons of Doom. On T:12482 you reached level 10 of The Dungeons of Doom. On T:12940 you reached level 11 of The Dungeons of Doom. On T:13085 you received Mjollnir from Odin. On T:13321 you reached level 1 of The Quest. On T:13509 you advanced to experience level 11. On T:13655 you reached level 12 of The Dungeons of Doom. On T:14553 you reached level 13 of The Dungeons of Doom. On T:14631 you reached level 14 of The Dungeons of Doom. On T:14999 you reached level 15 of The Dungeons of Doom. On T:15178 you reached level 16 of The Dungeons of Doom. On T:15254 you reached level 17 of The Dungeons of Doom. On T:15254 you entered the Rogue tribute level. On T:15504 you reached level 18 of The Dungeons of Doom. On T:15547 you reached level 19 of The Dungeons of Doom. On T:15841 you reached level 20 of The Dungeons of Doom. On T:16375 you reached level 21 of The Dungeons of Doom. On T:16388 you advanced to experience level 12. On T:16483 you reached level 22 of The Dungeons of Doom. On T:16731 you reached level 23 of The Dungeons of Doom. On T:16933 you reached level 24 of The Dungeons of Doom. On T:17070 you killed Medusa on level 24 of The Dungeons of Doom. On T:17075 you reached level 25 of The Dungeons of Doom. On T:20376 you advanced to experience level 13. On T:20377 you advanced to experience level 14. On T:20881 you wished for "blessed Platinum Yendorian Express Card". On T:21230 you wished for "blessed greased fireproof bag of holding". On T:21397 you prayed to Odin. On T:21619 you prayed to Odin. On T:21653 you prayed to Odin. On T:21656 you were named as the Envoy of Balance! On T:21803 you embarked upon an epic quest. On T:21826 you reached level 2 of The Quest. On T:21889 you reached level 3 of The Quest. On T:22021 you reached level 4 of The Quest. On T:22115 you reached level 5 of The Quest. On T:22185 you reached level 6 of The Quest. On T:22313 you killed Lord Surtur on level 6 of The Quest. On T:22491 you completed the quest! On T:22588 you advanced to experience level 15. On T:23110 you reached level 26 of The Dungeons of Doom. On T:23169 you reached level 27 of The Dungeons of Doom. On T:23741 you reached level 28 of The Dungeons of Doom. On T:24116 you reached The Castle. On T:24950 you reached The Valley of the Dead. On T:25306 you advanced to experience level 16. On T:25542 you reached level 2 of Gehennom. On T:26532 you reached level 3 of Gehennom. On T:26590 you reached level 4 of Gehennom. On T:27966 you reached level 5 of Gehennom. On T:28072 you killed Asmodeus on level 5 of Gehennom. On T:28498 you reached level 6 of Gehennom. On T:28653 you reached level 7 of Gehennom. On T:28766 you killed Juiblex on level 6 of Gehennom. On T:28875 you reached level 8 of Gehennom. On T:28966 you reached level 9 of Gehennom. On T:29224 you reached level 10 of Gehennom. On T:29421 you reached level 11 of Gehennom. On T:29699 you reached level 12 of Gehennom. On T:29813 you killed Yeenoghu on level 11 of Gehennom. On T:30043 you reached level 3 of Vlad's Tower. On T:30134 you reached level 2 of Vlad's Tower. On T:30213 you reached level 1 of Vlad's Tower. On T:30315 you killed Vlad the Impaler on level 1 of Vlad's Tower. On T:30401 you wished for "uncursed fireproof magic marker". On T:30611 you reached level 13 of Gehennom. On T:30732 you reached level 14 of Gehennom. On T:31477 you reached level 15 of Gehennom. On T:31536 you reached level 16 of Gehennom. On T:31650 you killed Orcus on level 14 of Gehennom. On T:32203 you reached level 17 of Gehennom. On T:33960 you reached level 18 of Gehennom. On T:34043 you reached level 19 of Gehennom. On T:34491 you reached level 20 of Gehennom. On T:34554 you reached level 21 of Gehennom. On T:34590 you reached level 22 of Gehennom. On T:34929 you reached level 23 of Gehennom. On T:35152 you reached level 24 of Gehennom. On T:35986 you reached level 26 of Gehennom. On T:37564 you killed Wizard of Yendor on level 17 of Gehennom. On T:37615 you performed the invocation. On T:37616 you reached level 27 of Gehennom. On T:37944 you killed Wizard of Yendor on level 26 of Gehennom. On T:37945 you gained the Amulet of Yendor! On T:38604 you lost the Amulet of Yendor. On T:38605 you gained the Amulet of Yendor! On T:38936 you killed Wizard of Yendor on level 8 of The Dungeons of Doom. On T:39041 you reached the Plane of Earth. On T:39042 you killed Wizard of Yendor on the Plane of Earth. On T:39063 you reached the Plane of Air. On T:39097 you reached the Plane of Fire. On T:39134 you reached the Plane of Water. On T:39173 you reached the Astral Plane. On T:39195 you killed Pestilence on the Astral Plane. On T:39211 you killed Pestilence on the Astral Plane. On T:39235 you killed Famine on the Astral Plane. On T:39267 you lost the Amulet of Yendor. On T:39267 you offered the Amulet of Yendor to Odin and ascended to the status of Demigoddess! Score breakdown: Gold: 0 ( 0 points) Experience: 16 levels ( 1500 points) Exploration: 56 levels ( 2000 points) Discoveries: 191 items ( 2000 points) Variety of kills: 293 monsters ( 2000 points) Major goal: ascended ( 5000 points) Ascension bonuses Valuables value: 36550 ( 2000 points) Artifacts: 4 ( 4000 points) Speed bonus: 39267 turns ( 3036 points) Conduct bonus: 0 conducts ( 0 points) Survival: ascended (score multiplied by 10) Total score: 215360 Latest messages: Never mind. l - an uncursed magic whistle. The gray dragon breathes fragments! The blast of missiles whizzes by you! The blast of missiles hits Kevin the invisible Burglar! The blast of missiles bounces! (2x) You produce a strange whistling sound. There is an altar to Odin (neutral) here. You offer the Amulet of Yendor to Odin... An invisible choir sings, and you are bathed in radiance... The voice of Odin thunders: "Congratulations, mortal!" "In return for thy service, I grant thee the gift of Immortality!" You ascend to the status of Demigoddess... Final status: Farvel jt the Demigoddess, ascended... You and the guardian Angel of Odin went to your reward with 215360 points, Vorpal Blade (worth 4000 zorkmids) The Platinum Yendorian Express Card (worth 7000 zorkmids) The Orb of Fate (worth 3500 zorkmids) 3 dilithium crystals (worth 13500 zorkmids), 2 rubies (worth 7000 zorkmids), 1 diamond (worth 4000 zorkmids), 1 emerald (worth 2500 zorkmids), 1 turquoise (worth 2000 zorkmids), 1 aquamarine (worth 1500 zorkmids), 1 topaz (worth 900 zorkmids), 1 opal (worth 800 zorkmids), 1 chrysoberyl (worth 700 zorkmids), 1 garnet (worth 700 zorkmids), 1 amethyst (worth 600 zorkmids), 1 jasper (worth 500 zorkmids), 1 fluorite (worth 400 zorkmids), 1 obsidian (worth 200 zorkmids), 1 agate (worth 200 zorkmids), 1 jade (worth 300 zorkmids), 4 amulets of life saving (worth 600 zorkmids), 1 amulet of reflection (worth 150 zorkmids), and 0 pieces of gold, after 39267 moves. You were level 16 with a maximum of 152 hit points when you ascended.